 Dungeon Crawl Stone Soup version 0.15-a0-1387-gd422dff (webtiles) character file.

6617 seer the Conjurer (level 10, -20/63 HPs)
             Began as a Demonspawn Air Elementalist on June 10, 2014.
             Was a Priest of Ashenzari.
             Demolished by a minotaur
             ... wielding the +5,+5 spear of Punishment {venom, rPois rF+ SInv}
              (29 damage)
             ... in a labyrinth.
             The game lasted 01:08:21 (6775 turns).

seer the Conjurer (Demonspawn Air Elementalist)     Turns: 6775, Time: 01:08:21

HP -20/63        AC 11     Str 13      XL: 10   Next: 72%
MP   5/23        EV 13     Int 21      God: Ashenzari [***...]
Gold 94          SH  5     Dex 16      Spells:  5 memorised,  8 levels left

rFire  + + .     SeeInvis +     E - +2,+0 whip (elec) (curse)
rCold  . . .     Clarity  +     e - +1 leather armour {rF+} (curse)
rNeg   + . .     rCorr    .     K - +0 buckler {rF+} (curse)
rPois  .         rRot     .     (helmet unavailable)
rElec  .         Spirit   .     F - +0 cloak (curse)
SustAb .         Warding  .     G - +2 pair of gloves {Dex+3} (curse)
rMut   .         Stasis   .     p - +0 pair of boots (curse)
Gourm  .                        y - cursed amulet of clarity
MR     .....                    a - cursed ring of positive energy
                                o - cursed ring of stealth

@: mighty, very slightly contaminated, hasted, repel missiles, very quick, not
resistant to hostile enchantments, quite stealthy
A: horns 3, slimy green scales 1, mutation resistance 1, nightstalker 1, spiny 2
a: Renounce Religion


You were in a labyrinth.
You worshipped Ashenzari.
Ashenzari was most pleased with you.
You were not hungry.

You visited 2 branches of the dungeon, and saw 13 of its levels.
You also visited: Labyrinth, Sewer and Ossuary.

You collected 489 gold pieces.
You spent 395 gold pieces at shops.

Inventory:

Hand weapons
 x - a +5,+2 short sword
 E - a cursed +2,+0 whip of electrocution (weapon)
 O - a +0,+0 quarterstaff
Missiles
 l - 4 throwing nets (quivered)
Armour
 e - a cursed +1 leather armour of fire resistance (worn)
 p - a cursed +0 pair of boots (worn)
 F - a cursed +0 cloak (worn)
 G - a cursed +2 pair of gloves of dexterity (worn)
 K - a cursed +0 buckler of fire resistance (worn)
Magical devices
 d - a wand of slowing (6)
 s - a wand of polymorph (6)
 B - a wand of fireball (4)
Comestibles
 c - 10 bread rations
 q - 4 rotting chunks of crocodile flesh {@w1}
 v - 16 fruits
 C - 2 meat rations
 J - 2 beef jerkies
 R - 2 rotting chunks of hound flesh {@w1}
Scrolls
 g - a scroll of random uselessness
 h - 4 scrolls of teleportation
 j - 2 scrolls of fog
 k - 4 scrolls of identify
 m - 2 scrolls of curse armour
 n - a scroll of curse jewellery
 w - 6 scrolls of remove curse
 A - 2 scrolls of immolation
Jewellery
 a - a cursed ring of positive energy (right hand)
 o - a cursed ring of stealth (left hand)
 y - a cursed amulet of clarity (around neck)
 M - an uncursed amulet of resist mutation
Potions
 f - 7 potions of curing
 r - a potion of might
 t - a potion of berserk rage
 z - 9 potions of heal wounds
 I - a potion of flight
Books
 b - a book of Air

   Spells                             Type                      Level
   *Shock                             Conjuration/Air              1
   *Swiftness                         Charms/Air                   2
   *Repel Missiles                    Charms/Air                   2
   Flight                             Charms/Air                   3
   Static Discharge                   Conjuration/Air              3
   *Lightning Bolt                    Conjuration/Air              5
 D - a book of Death

   Spells                             Type                      Level
   Corpse Rot                         Necromancy                   2
   *Sublimation of Blood              Necromancy                   2
   Agony                              Necromancy                   5
   Dispel Undead                      Necromancy                   5
   Excruciating Wounds                Charms/Necromancy            5
   Bolt of Draining                   Conjuration/Necromancy       5
 N - a book of the Dragon

   Spells                             Type                      Level
   Flight                             Charms/Air                   3
   Cause Fear                         Hexes                        4
   Bolt of Fire                       Conjuration/Fire             6
   Dragon Form                        Transmutation                7
   Dragon's Call                      Summoning                    9
Miscellaneous
 u - a stone of tremors
 H - a lamp of fire


   Skills:
 - Level 2.4(4.7) Dodging
 - Level 4.0(6.7) Stealth
 + Level 2.7(4.3) Shields
 - Level 5.9 Spellcasting
 * Level 10.1(12.8) Conjurations
 * Level 9.6(12.4) Air Magic


You had 8 spell levels left.
You knew the following spells:

 Your Spells              Type           Power        Failure   Level  Hunger
a - Shock                 Conj/Air       ####         1%          1    None
b - Repel Missiles        Chrm/Air       ####..       1%          2    None
c - Swiftness             Chrm/Air       ####....     1%          2    None
d - Lightning Bolt        Conj/Air       ######....   1%          5    #####..
e - Sublimation of Blood  Necr           #.........   14%         2    None


Dungeon Overview and Level Annotations

Branches:
Dungeon (10/15)            Temple (0/1) D:4            Lair (3/8) D:10
    Orc: D:9-12       Swamp: Lair:3-6    Shoals: Lair:3-6     Snake: Lair:3-6
 Spider: Lair:3-6

Altars:
Ashenzari
Dithmenos
Elyvilon
Fedhas
Nemelex Xobeh
Okawaru
Qazlal
Vehumet
Xom

Shops:
D:6 (   D:7 :   D:8 %:**   D:10 [

Annotations:
D:4 exclusion: scorpion, Edmund
D:5 Dowan, Duvessa
D:10 Harold, Josephine
Lair:3 exclusion: hydra


Innate Abilities, Weirdness & Mutations

You have a pair of large horns on your head.
You are partially covered in slimy green scales (AC +2).
You are slightly more attuned to the shadows.
You are mostly covered in sharp spines.
You are somewhat resistant to further mutation.


Message History

The minotaur is heavily wounded.
The minotaur hits you with a warped spear {venom}!!
You are poisoned.
The minotaur gores you!
Unknown command.
Casting: Lightning Bolt
Confirm with . or Enter, or press ? or * to list all spells.
Aiming: Lightning Bolt
Press: ? - help, Shift-Dir - straight line You hear a mighty clap of thunder!
The bolt of lightning misses the minotaur.
You feel sick.
You feel sick.
The minotaur hits you from afar with a warped spear {venom}!!
* * * LOW HITPOINT WARNING * * *
You are more poisoned.
Drink which item? (? for menu, Esc to quit)
You feel better.
The minotaur hits you from afar with a warped spear {venom}!!
You die...

, * , ,,, ** ** , , ,
,, *, , , * * * * *
.. ,*,, ,, , #.#
##*### * ** * . * ...
#.....#, , , ##
##.#######.#########*
.* #.......@.#.H..H.
..# ,, # .#.#.###.#.#
###.###* .,.
*...#.H.# ..*, # # #
#.####### , ##H# ..
.... # *, , , * .. #
. ,* * *#. * . .# .
.#.* * , , , *, , *
#,# # ** * * , #... ,
, ,


You could see a minotaur.

Vanquished Creatures
  2 spiny frogs
  A polar bear (Lair:3)
  A two-headed ogre (D:8)
  A basilisk (Lair:2)
  6 yaks (Lair:2)
  A steam dragon (D:7)
  A hippogriff (D:8)
  A hungry ghost (Lair:1)
  3 wolves (Lair:3)
  2 orc warriors
  2 porcupines (Lair:2)
  A sky beast (D:6)
  A water moccasin (Lair:1)
  An ice beast (D:6)
  A centaur (D:5)
  2 phantoms
  An ogre (D:9)
  2 black bears
  A necrophage (D:10)
  6 crocodiles
  3 giant frogs
  2 big kobolds (Sewer)
  2 gnoll sergeants
  A yak zombie (D:7)
  2 goliath beetles
  9 hounds
  A centaur zombie (D:9)
  A crimson imp (D:6)
  A giant frog zombie (D:8)
  2 gnoll shamans (D:7)
  A jelly (D:9)
  A quasit (D:8)
  A two-headed ogre zombie (D:6)
  An orc priest (D:9)
  6 orc wizards
  3 iguanas
  2 worker ants
  A mummy (Ossuary)
  14 adders
  14 gnolls
  A shadow imp (D:8)
  16 green rats (Lair:2)
  3 giant mites (Sewer)
  An inept feature mimic (Sewer)
  4 worms
  An adder zombie (D:7)
  6 giant geckos
  An ooze (D:7)
  16 orcs
  6 giant cockroaches
  8 goblins
  7 hobgoblins
  8 jackals
  23 kobolds
  4 quokkas
  8 ball pythons
  12 bats
  9 giant newts
  A giant spore (D:9)
  5 gnoll skeletons (Ossuary)
  A jackal skeleton (D:4)
  A jackal zombie (D:6)
  7 kobold skeletons (Ossuary)
  12 orc skeletons (Ossuary)
  18 rats
  2 ballistomycetes (D:9)
286 creatures vanquished.

Vanquished Creatures (others)
  A giant frog simulacrum (D:10)
  An orc (D:10)
2 creatures vanquished.

Grand Total: 288 creatures vanquished

Notes
Turn   | Place    | Note
--------------------------------------------------------------
     0 | D:1      | seer, the Demonspawn Air Elementalist, began the quest for the Orb.
     0 | D:1      | Reached XP level 1. HP: 13/13 MP: 3/3
   173 | D:1      | Gained mutation: You are partially covered in slimy green scales (AC +2). [demonic ancestry]
   173 | D:1      | Reached XP level 2. HP: 11/19 MP: 0/4
   189 | D:1      | Reached skill level 3 in Air Magic
   294 | D:2      | Found a shadowy altar of Dithmenos.
   403 | D:2      | Gained mutation: You are partially covered in sharp spines. [demonic ancestry]
   403 | D:2      | Reached XP level 3. HP: 17/24 MP: 0/6
   430 | D:2      | Found a shimmering altar of Xom.
   722 | D:3      | Reached XP level 4. HP: 22/30 MP: 5/8
   961 | D:3      | Found a shattered altar of Ashenzari.
   970 | D:3      | Became a worshipper of Ashenzari the Shackled
  1058 | D:4      | Found a staircase to the Ecumenical Temple.
  1058 | D:4      | Noticed a phantom
  1133 | D:3      | Killed a phantom
  1133 | D:3      | Reached skill level 4 in Air Magic
  1133 | D:3      | Reached XP level 5. HP: 22/35 MP: 0/9
  1371 | D:4      | Found a stormy altar of Qazlal.
  1385 | D:4      | Noticed Edmund
  1415 | D:4      | Found a glowing drain.
  1506 | Sewer    | Entered a sewer
  1615 | Sewer    | Gained mutation: You are slightly more attuned to the shadows. [demonic ancestry]
  1615 | Sewer    | Reached XP level 6. HP: 33/41 MP: 2/13
  1836 | Sewer    | Learned a level 2 spell: Repel Missiles
  1839 | Sewer    | Learned a level 2 spell: Swiftness
  2260 | D:4      | Reached skill level 5 in Air Magic
  2260 | D:4      | Gained mutation: You have a pair of small horns on your head. [demonic ancestry]
  2260 | D:4      | Reached XP level 7. HP: 38/46 MP: 9/15
  2388 | D:5      | Entered Level 5 of the Dungeon
  2400 | D:5      | Noticed Dowan
  2402 | D:5      | Noticed Duvessa
  2405 | D:5      | Reached skill level 5 in Conjurations
  2480 | D:5      | Learned a level 5 spell: Lightning Bolt
  2528 | D:5      | Found a sand-covered staircase.
  2533 | Ossuary  | Entered an ossuary
  2533 | Ossuary  | Noticed a wraith
  2533 | Ossuary  | Noticed a wraith
  2533 | Ossuary  | Noticed a wraith
  2596 | Ossuary  | Noticed a wraith
  2668 | Ossuary  | Gained mutation: You have a pair of horns on your head. [potion of mutation]
  2668 | Ossuary  | Gained mutation: You have a pair of large horns on your head. [potion of mutation]
  2668 | Ossuary  | Gained mutation: You are somewhat resistant to further mutation. [potion of mutation]
  2921 | D:6      | Found a white marble altar of Elyvilon.
  3045 | D:6      | Found a blossoming altar of Fedhas.
  3136 | D:6      | Found a sparkling altar of Nemelex Xobeh.
  3250 | D:6      | Found Qaqug's Weapon Shoppe.
  3256 | D:6      | Bought a +1,+0 whip of electrocution for 110 gold pieces
  3279 | D:7      | Reached XP level 8. HP: 29/52 MP: 13/18
  3286 | D:7      | Found an iron altar of Okawaru.
  3325 | D:8      | Reached skill level 6 in Air Magic
  3354 | D:8      | Found Scheul's Food Emporium.
  3652 | D:7      | Learned a level 2 spell: Sublimation of Blood
  3662 | D:7      | Found a radiant altar of Vehumet.
  3785 | D:7      | Found Piveoj's Book Emporium.
  4066 | D:7      | Reached skill level 7 in Conjurations
  4190 | D:7      | Acquired Ashenzari's first power
  4219 | D:7      | Reached skill level 5 in Spellcasting
  4258 | D:7      | Reached XP level 9. HP: 35/57 MP: 3/21
  4510 | D:8      | Found Elocsymo's General Store.
  4522 | D:8      | Found Pheviton's Assorted Antiques.
  4525 | D:8      | Bought a scroll of remove curse for 36 gold pieces
  4538 | D:8      | Bought a scroll labeled EMISORCH TEBB for 27 gold pieces
  4538 | D:8      | Bought a scroll labeled KHYXOE ROINU for 27 gold pieces
  4669 | D:8      | Found Uhiquox's Book Shoppe.
  4760 | D:9      | Reached skill level 8 in Conjurations
  5011 | D:8      | Noticed a two-headed ogre
  5133 | D:8      | Killed a two-headed ogre
  5209 | D:10     | Entered Level 10 of the Dungeon
  5275 | D:10     | Found Ciqyv's Armour Boutique.
  5291 | D:10     | Found a staircase to the Lair.
  5337 | D:10     | Bought a +0 pair of gloves of dexterity for 195 gold pieces
  5362 | D:10     | Noticed Josephine
  5443 | D:10     | Acquired Ashenzari's second power
  5453 | D:10     | Noticed Harold
  5491 | Lair:1   | Entered Level 1 of the Lair of Beasts
  5555 | Lair:1   | Noticed an eight-headed hydra
  5584 | Lair:1   | Noticed a komodo dragon
  5600 | Lair:1   | Noticed a catoblepas
  5664 | Lair:1   | Noticed a komodo dragon
  5713 | Lair:1   | Noticed a spiny frog
  5720 | Lair:1   | Killed a spiny frog
  5720 | Lair:1   | Reached skill level 9 in Conjurations
  5842 | Lair:2   | Reached skill level 1 in Shields
  5842 | Lair:2   | Gained mutation: You are mostly covered in sharp spines. [demonic ancestry]
  5842 | Lair:2   | Reached XP level 10. HP: 51/63 MP: 19/23
  6306 | Lair:2   | Noticed a spiny frog
  6312 | Lair:2   | Killed a spiny frog
  6434 | Lair:3   | Reached skill level 10 in Conjurations
  6483 | Lair:3   | Noticed a six-headed hydra
  6556 | Lair:3   | Found a labyrinth entrance.
  6564 | Lab      | Entered a labyrinth
  6754 | Lab      | Noticed a minotaur
  6774 | Lab      | HP: 1/63 [minotaur/warped spear {venom} (29)]
  6775 | Lab      | Identified the +5,+5 spear of Punishment {venom, rPois rF+ SInv}
  6775 | Lab      | Demolished by a minotaur

Action                   |  1- 3 |  4- 6 |  7- 9 | 10-12 || total
-------------------------+-------+-------+-------+-------++-------
Melee: Short sword       |    32 |    50 |    29 |       ||   111
       Unarmed           |     1 |       |       |       ||     1
       Whip              |       |       |    29 |    27 ||    56
 Cast: Shock             |    47 |   124 |   359 |    83 ||   613
       Swiftness         |       |     1 |     1 |       ||     2
       Repel Missiles    |       |     1 |       |       ||     1
       Lightning Bolt    |       |       |    10 |     9 ||    19
Evoke: Wand              |       |       |    13 |     2 ||    15
  Use: Potion            |       |     1 |    11 |     4 ||    16
       Scroll            |       |     2 |    24 |     3 ||    29
 Stab: Sleeping          |       |     2 |     4 |     2 ||     8

Vault maps used:
D:1:      erik_arrival_triangle_small
D:2:      grunt_dithmenos_smoke_and_mirrors, lemuel_crystal_altar
D:3:      ashenzari_altar_1, first_bread, serial_bayou_pond_a,
          minmay_shallow_snake_nest
D:4:      minmay_opposing_rooms, minmay_temple_entry_purple_smoke,
          portal_sewer_entry_a, serial_column_ruins, column_ruins_open_small,
          column_ruins_columns_dead_end, column_ruins_grid_1,
          column_ruins_open_tiny, column_ruins_open_large,
          column_ruins_open_small, nicolae_qazlal_general_emergency, uniq_edmund
D:5:      zin_scriptorium, nicolae_ossuary_entry_ruins, serial_shops,
          shop_statue, uniq_duvessa
D:6:      lemuel_crystal_altar, fedhas_altar_fruit_tree, elyvilon_altar_3,
          serial_shops, shop
D:7:      kennysheep_mini_moat, nicolae_overflow_hidden_temple,
          serial_gnoll_camp, gnoll_camp_mini_hut, gnoll_camp_huts_moat,
          gnoll_camp_mini_house, gnoll_camp_mini_shop, gnoll_camp_medium_01,
          gnoll_camp_mini_loothouse, grunt_ministairs_10
D:8:      black_bear_nest_2, serial_shops, shop, shop,
          nicolae_shop_overgrown_old_shop, nicolae_shop_crystal, uniq_maurice
D:9:      david_orc_3
D:10:     minmay_lair_entry_lava, serial_shops, nicolae_shop_window_shopping,
          uniq_harold, uniq_josephine
Lair:1:   serial_bayou_shore_a, infiniplex_staircase_pool
Lair:3:   lab_entry_generic, st_stairs_8, minivault_25,
          grunt_forest_stairs_clearing
Lab:      nicolae_lab_quarters, labyrinth_skeletal_remains, nicolae_lab_swirl,
          nicolae_lab_grate
Sewer:    kennysheep_pipe_town
Ossuary:  ossuary_due_mausoleum
